TOP OF THE 1ST |
Santa Fe Diablos batting - Pitching for Beaumont Roughnecks : RHP José Salinas
|
Pitching: RHP José Salinas
|
|
Batting: LHB David Hernández
|
0-0: Called Strike 0-1: Ball 1-1: Ball 2-1: SINGLE (Line Drive, 7LS)
|
Batting: RHB Ricardo Remedios
|
0-0: Ball David Hernández is caught stealing 2nd base 1-0: Swinging Strike 1-1: Foul Ball, location: 2F 1-2: Strikes out looking
|
Batting: SHB George Adams
|
0-0: Ball 1-0: Swinging Strike 1-1: Ground out 6-3 (Groundball, 6)
|
Top of the 1st over - 0 run(s), 1 hit(s), 0 error(s), 0 left on base; Santa Fe 0 - Beaumont 0 |
BOTTOM OF THE 1ST |
Beaumont Roughnecks batting - Pitching for Santa Fe Diablos : RHP Larry Jenkins
|
Pitching: RHP Larry Jenkins
|
|
Batting: LHB Tony Rivera
|
0-0: Ball 1-0: Ball 2-0: Ball 3-0: Called Strike 3-1: Called Strike 3-2: Foul Ball, location: 2F 3-2: Base on Balls
|
Batting: RHB Darwin Crane
|
0-0: Ball 1-0: Ball Tony Rivera steals 2nd base 2-0: Foul Ball, location: 2F 2-1: Ball 3-1: Called Strike 3-2: Fly out, F8 (Flyball, 8LD) Runner from 2nd tags up, SAFE at 3rd, no throw
|
Batting: LHB Cam Flowers
|
0-0: Ball 1-0: Ground out U3 (Groundball, 3)
|
Batting: RHB Anthony Hezell
|
0-0: Ground out 4-3 (Groundball, 4)
|
Bottom of the 1st over - 0 run(s), 0 hit(s), 0 error(s), 1 left on base; Santa Fe 0 - Beaumont 0 |
TOP OF THE 2ND |
Santa Fe Diablos batting - Pitching for Beaumont Roughnecks : RHP José Salinas
|
Batting: RHB Lee Price
|
0-0: Ball 1-0: Called Strike 1-1: DOUBLE (Line Drive, 7D)
|
Batting: LHB Ricardo Ruíz
|
0-0: Ball 1-0: Ball 2-0: Called Strike 2-1: Foul Ball, location: 2F 2-2: Strikes out looking
|
Batting: LHB Don Soper
|
0-0: Foul Ball, location: 2F 0-1: Ball 1-1: Ball 2-1: DOUBLE (Line Drive, 7LS) Lee Price scores
|
Batting: RHB Tim Adkins
|
0-0: Ball 1-0: Foul Ball, location: 2F 1-1: Swinging Strike 1-2: Ball 2-2: Ground out 6-3 (Groundball, 6M) Don Soper to third
|
Batting: LHB Javier Martínez
|
0-0: Ball 1-0: Ball 2-0: Called Strike 2-1: Called Strike 2-2: Fly out, F9 (Line Drive, 89M)
|
Top of the 2nd over - 1 run(s), 2 hit(s), 0 error(s), 1 left on base; Santa Fe 1 - Beaumont 0 |
BOTTOM OF THE 2ND |
Beaumont Roughnecks batting - Pitching for Santa Fe Diablos : RHP Larry Jenkins
|
Batting: LHB Bernardo Morales
|
0-0: Ball 1-0: Ball 2-0: Called Strike 2-1: Ball 3-1: Base on Balls
|
Batting: LHB Enrique Cruz
|
0-0: Called Strike 0-1: Called Strike 0-2: Fielders Choice at 2nd, 3-6 (Groundball, 34)
|
Batting: RHB Albert Alemán
|
0-0: Ball 1-0: Foul Ball, location: 2F 1-1: Swinging Strike 1-2: Fly out, F7 (Flyball, 78D)
|
Batting: RHB Miguel Costa
|
0-0: Ball 1-0: Fielders Choice at 2nd, 5-4 (Groundball, 56)
|
Bottom of the 2nd over - 0 run(s), 0 hit(s), 0 error(s), 0 left on base; Santa Fe 1 - Beaumont 0 |
TOP OF THE 3RD |
Santa Fe Diablos batting - Pitching for Beaumont Roughnecks : RHP José Salinas
|
Batting: RHB Keith Jones
|
0-0: Called Strike 0-1: Ball 1-1: Called Strike 1-2: Foul Ball, location: 2F 1-2: Fly out, F4 (Flyball, 4D)
|
Batting: LHB David Hernández
|
0-0: Called Strike 0-1: Foul Ball, location: 2F 0-2: Ball 1-2: Ball 2-2: Foul Ball, location: 2F 2-2: Foul Ball, location: 2F 2-2: Fly out, F7 (Line Drive, 7)
|
Batting: RHB Ricardo Remedios
|
0-0: Ball 1-0: SINGLE (Groundball, 6MD)
|
Batting: SHB George Adams
|
0-0: Ball 1-0: Called Strike 1-1: SINGLE (Flyball, 8LS) Ricardo Remedios to second
|
Batting: RHB Lee Price
|
0-0: Called Strike 0-1: Called Strike 0-2: Ball 1-2: Strikes out looking
|
Top of the 3rd over - 0 run(s), 2 hit(s), 0 error(s), 2 left on base; Santa Fe 1 - Beaumont 0 |
BOTTOM OF THE 3RD |
Beaumont Roughnecks batting - Pitching for Santa Fe Diablos : RHP Larry Jenkins
|
Batting: RHB Jeff Mason
|
0-0: Ball 1-0: Fly out, F9 (Flyball, 9)
|
Batting: LHB Tony Rivera
|
0-0: Ball 1-0: Swinging Strike 1-1: Called Strike 1-2: Ball 2-2: Ball 3-2: Foul Ball, location: 2F 3-2: Base on Balls
|
Batting: RHB Darwin Crane
|
0-0: Ball 1-0: Foul Ball, location: 2F 1-1: Called Strike 1-2: Ball 2-2: SINGLE (Flyball, 8LS) Tony Rivera to second
|
Batting: LHB Cam Flowers
|
0-0: Called Strike 0-1: Called Strike 0-2: Fly out, F8 (Flyball, 8RD) Runner from 2nd tags up, SAFE at 3rd, no throw
|
Batting: RHB Anthony Hezell
|
0-0: Fly out, F9 (Flyball, 89D)
|
Bottom of the 3rd over - 0 run(s), 1 hit(s), 0 error(s), 2 left on base; Santa Fe 1 - Beaumont 0 |
TOP OF THE 4TH |
Santa Fe Diablos batting - Pitching for Beaumont Roughnecks : RHP José Salinas
|
Batting: LHB Ricardo Ruíz
|
0-0: Ball 1-0: Ball 2-0: Ball 3-0: Base on Balls
|
Batting: LHB Don Soper
|
0-0: Called Strike 0-1: Called Strike 0-2: Ball 1-2: Strikes out swinging
|
Batting: RHB Tim Adkins
|
0-0: Called Strike 0-1: Foul Ball, location: 2F 0-2: Ball 1-2: Ground out 5-3 (Groundball, 56S) Ricardo Ruíz to second
|
Batting: LHB Javier Martínez
|
0-0: Hit by Pitch
|
Batting: RHB Keith Jones
|
0-0: Foul Ball, location: 2F 0-1: Swinging Strike 0-2: Ball 1-2: Strikes out swinging
|
Top of the 4th over - 0 run(s), 0 hit(s), 0 error(s), 2 left on base; Santa Fe 1 - Beaumont 0 |
BOTTOM OF THE 4TH |
Beaumont Roughnecks batting - Pitching for Santa Fe Diablos : RHP Larry Jenkins
|
Batting: LHB Bernardo Morales
|
0-0: Ball 1-0: Ball 2-0: Ball 3-0: Base on Balls
|
Batting: LHB Enrique Cruz
|
0-0: Foul Ball, location: 2F 0-1: Called Strike 0-2: Ball 1-2: Ball 2-2: Ball 3-2: Fly out, F8 (Flyball, 8RD)
|
Batting: RHB Albert Alemán
|
0-0: Ball 1-0: Fly out, F5 (Popup, 5S)
|
Batting: RHB Miguel Costa
|
0-0: Called Strike 0-1: 2-RUN HOME RUN (Flyball, 89XD), Distance : 419 ft
|
Batting: RHB Jeff Mason
|
0-0: Called Strike 0-1: Called Strike 0-2: Ball 1-2: Foul Ball, location: 2F 1-2: SOLO HOME RUN (Flyball, 7D), Distance : 419 ft
|
Batting: LHB Tony Rivera
|
0-0: Fly out, F7 (Flyball, 78M)
|
Bottom of the 4th over - 3 run(s), 2 hit(s), 0 error(s), 0 left on base; Santa Fe 1 - Beaumont 3 |
TOP OF THE 5TH |
Santa Fe Diablos batting - Pitching for Beaumont Roughnecks : RHP José Salinas
|
Batting: LHB David Hernández
|
0-0: Ground out 6-3 (Groundball, 6)
|
Batting: RHB Ricardo Remedios
|
0-0: Swinging Strike 0-1: Foul Ball, location: 2F 0-2: Foul Ball, location: 2F 0-2: Ball 1-2: Strikes out swinging
|
Batting: SHB George Adams
|
0-0: Called Strike 0-1: Ball 1-1: Fly out, F4 (Popup, 4MD)
|
Top of the 5th over - 0 run(s), 0 hit(s), 0 error(s), 0 left on base; Santa Fe 1 - Beaumont 3 |
BOTTOM OF THE 5TH |
Beaumont Roughnecks batting - Pitching for Santa Fe Diablos : RHP Larry Jenkins
|
Batting: RHB Darwin Crane
|
0-0: Called Strike 0-1: Foul Ball, location: 2F 0-2: Strikes out swinging
|
Batting: LHB Cam Flowers
|
0-0: Foul Ball, location: 2F 0-1: Ball 1-1: Ball 2-1: Called Strike 2-2: Ball 3-2: Foul Ball, location: 2F 3-2: Foul Ball, location: 2F 3-2: SINGLE (Line Drive, 34D)
|
Batting: RHB Anthony Hezell
|
0-0: Ball 1-0: Ball 2-0: Ball 3-0: Called Strike 3-1: Base on Balls Cam Flowers to second
|
Batting: LHB Bernardo Morales
|
0-0: Called Strike 0-1: Ball 1-1: Ball 2-1: Ball 3-1: Fly out, F2 (Popup, 5S)
|
Batting: LHB Enrique Cruz
|
0-0: Called Strike 0-1: Ball 1-1: Foul Ball, location: 2F 1-2: SINGLE (Flyball, 7S) Cam Flowers to third Anthony Hezell to second Runner from 3rd tries for Home, SAFE, no throw
|
Batting: RHB Albert Alemán
|
0-0: Foul Ball, location: 2F 0-1: Foul Ball, location: 2F 0-2: Strikes out looking
|
Bottom of the 5th over - 1 run(s), 2 hit(s), 0 error(s), 2 left on base; Santa Fe 1 - Beaumont 4 |
TOP OF THE 6TH |
Santa Fe Diablos batting - Pitching for Beaumont Roughnecks : RHP José Salinas
|
Batting: RHB Lee Price
|
0-0: Ground out 5-3 (Groundball, 56S)
|
Batting: LHB Ricardo Ruíz
|
0-0: Ball 1-0: Ground out 6-3 (Groundball, 6M)
|
Batting: LHB Don Soper
|
0-0: SOLO HOME RUN (Flyball, 89XD), Distance : 404 ft
|
Batting: RHB Tim Adkins
|
0-0: Swinging Strike 0-1: DOUBLE (Flyball, 78M)
|
Batting: LHB Javier Martínez
|
0-0: Fly out, F4 (Popup, 4D)
|
Top of the 6th over - 1 run(s), 2 hit(s), 0 error(s), 1 left on base; Santa Fe 2 - Beaumont 4 |
BOTTOM OF THE 6TH |
Beaumont Roughnecks batting - Pitching for Santa Fe Diablos : RHP Larry Jenkins
|
Pitching: RHP Tomás Rodríguez
|
|
Batting: RHB Miguel Costa
|
0-0: Ground out 4-3 (Groundball, 4MS)
|
Batting: RHB Jeff Mason
|
0-0: Ground out 3-1 (Groundball, 34)
|
Batting: LHB Tony Rivera
|
0-0: Ball 1-0: SINGLE (Groundball, 4MD)
|
Batting: RHB Darwin Crane
|
0-0: Ball Tony Rivera is caught stealing 2nd base
|
Bottom of the 6th over - 0 run(s), 1 hit(s), 0 error(s), 0 left on base; Santa Fe 2 - Beaumont 4 |
TOP OF THE 7TH |
Santa Fe Diablos batting - Pitching for Beaumont Roughnecks : RHP José Salinas
|
Batting: RHB Keith Jones
|
0-0: Foul Ball, location: 2F 0-1: Ball 1-1: Foul Ball, location: 2F 1-2: Foul Ball, location: 2F 1-2: Foul Ball, location: 2F 1-2: Ground out 6-3 (Groundball, 6)
|
Batting: LHB David Hernández
|
0-0: Called Strike 0-1: Ball 1-1: Ball 2-1: Ball 3-1: DOUBLE (Line Drive, 89M)
|
Pitching: RHP Dave Hammond
|
|
Batting: RHB Ricardo Remedios
|
0-0: Called Strike 0-1: Foul Ball, location: 2F 0-2: Strikes out looking
|
Batting: SHB George Adams
|
0-0: Ball 1-0: Ball 2-0: Called Strike 2-1: Ball 3-1: Base on Balls
|
Batting: RHB Lee Price
|
0-0: Ball 1-0: Called Strike 1-1: Swinging Strike 1-2: Foul Ball, location: 2F 1-2: Strikes out swinging
|
Top of the 7th over - 0 run(s), 1 hit(s), 0 error(s), 2 left on base; Santa Fe 2 - Beaumont 4 |
BOTTOM OF THE 7TH |
Beaumont Roughnecks batting - Pitching for Santa Fe Diablos : RHP Tomás Rodríguez
|
Batting: RHB Darwin Crane
|
0-0: Called Strike 0-1: Ball 1-1: Ball 2-1: Foul Ball, location: 2F 2-2: Ball 3-2: Ground out 6-3 (Groundball, 6)
|
Batting: LHB Cam Flowers
|
0-0: Called Strike 0-1: Ball 1-1: Swinging Strike 1-2: Ball 2-2: Fly out, F8 (Line Drive, 89M)
|
Batting: RHB Anthony Hezell
|
0-0: Ball 1-0: Ball 2-0: Ball 3-0: Foul Ball, location: 2F 3-1: Base on Balls
|
Pitching: LHP Dan O'Brien
|
|
Batting: LHB Bernardo Morales
|
0-0: Called Strike Anthony Hezell is caught stealing 2nd base
|
Bottom of the 7th over - 0 run(s), 0 hit(s), 0 error(s), 0 left on base; Santa Fe 2 - Beaumont 4 |
TOP OF THE 8TH |
Santa Fe Diablos batting - Pitching for Beaumont Roughnecks : RHP Dave Hammond
|
Batting: LHB Ricardo Ruíz
|
0-0: Called Strike 0-1: Ball 1-1: Foul Ball, location: 2F 1-2: Foul Ball, location: 2F 1-2: Fly out, F8 (Flyball, 8RD)
|
Batting: LHB Don Soper
|
0-0: Ball 1-0: Ball 2-0: Called Strike 2-1: Called Strike 2-2: Strikes out swinging
|
Batting: RHB Tim Adkins
|
0-0: Ball 1-0: Ball 2-0: Ball 3-0: Called Strike 3-1: Called Strike 3-2: Base on Balls
|
Pitching: LHP Artie Nelson
|
|
Batting: LHB Javier Martínez
|
0-0: Ball 1-0: Called Strike 1-1: Foul Ball, location: 2F 1-2: Foul Ball, location: 2F 1-2: Foul Ball, location: 2F 1-2: Ball 2-2: Strikes out looking
|
Top of the 8th over - 0 run(s), 0 hit(s), 0 error(s), 1 left on base; Santa Fe 2 - Beaumont 4 |
BOTTOM OF THE 8TH |
Beaumont Roughnecks batting - Pitching for Santa Fe Diablos : LHP Dan O'Brien
|
Batting: LHB Bernardo Morales
|
0-0: Foul Ball, location: 2F 0-1: Ball 1-1: Fly out, F8 (Flyball, 8LM)
|
Pitching: RHP Manuel Zarate
|
|
Batting: LHB Enrique Cruz
|
0-0: Ball 1-0: Foul Ball, location: 2F 1-1: DOUBLE (Line Drive, 8LD)
|
Batting: RHB Albert Alemán
|
0-0: Intentional Walk
|
Batting: RHB Miguel Costa
|
0-0: Ball 1-0: Grounds into double play, 4-6-3 (Groundball, 4)
|
Bottom of the 8th over - 0 run(s), 1 hit(s), 0 error(s), 1 left on base; Santa Fe 2 - Beaumont 4 |
TOP OF THE 9TH |
Santa Fe Diablos batting - Pitching for Beaumont Roughnecks : LHP Artie Nelson
|
Pitching: RHP Grady Connolly
|
|
Batting: RHB Keith Jones
|
0-0: Ball 1-0: Called Strike 1-1: Ball 2-1: Ball 3-1: Base on Balls
|
Batting: LHB David Hernández
|
0-0: SINGLE (Line Drive, 4M) Keith Jones to second
|
Pinch Hitting: SHB Tex White
|
0-0: Ball 1-0: Sac Bunt - play at first, batter OUT! 1-4 Keith Jones to third David Hernández to second
|
Batting: SHB George Adams
|
0-0: Foul Ball, location: 2F 0-1: Called Strike 0-2: Strikes out swinging
|
Batting: RHB Lee Price
|
0-0: Called Strike 0-1: Ball 1-1: Foul Ball, location: 2F 1-2: Strikes out swinging
|
Top of the 9th over - 0 run(s), 1 hit(s), 0 error(s), 2 left on base; Santa Fe 2 - Beaumont 4 |
|